 Dungeon Crawl Stone Soup version 0.28-a0-105-g49a0850c41 (webtiles) character file.

Game seed: 16309161356155655781

37 Rennog the Skirmisher (level 3, 31/31 HPs)
             Began as a Demonspawn Berserker on Aug 12, 2021.
             Was a Follower of Trog.
             Quit the game on level 2 of the Dungeon.
             The game lasted 00:01:17 (1147 turns).

Rennog the Skirmisher (Demonspawn Berserker)        Turns: 1147, Time: 00:01:17

Health: 31/31      AC:  7    Str: 18    XL:     3   Next: 21%
Magic:  3/3        EV: 11    Int:  8    God:    Trog [*.....]
Gold:   10         SH:  0    Dex: 12    Spells: 2/2 levels left

rFire   . . .      SeeInvis .   a - +0 falchion
rCold   . . .      Faith    .   (no shield)
rNeg    . . .      Spirit   .   d - +0 ring mail
rPois   .          Reflect  .   (no helmet)
rElec   .          Harm     .   (no cloak)
rCorr   .          Rampage  .   (no gloves)
Will    .....                   (no boots)
Stlth   +.........              (no amulet)
HPRegen 0.10/turn               (no ring)
MPRegen 0.16/turn               (no ring)

@: no status effects
A: thin metallic scales 1, magic regeneration
a: Renounce Religion, Berserk


You were on level 2 of the Dungeon.
You worshipped Trog.
Trog was aware of your devotion.
You visited 1 branch of the dungeon, and saw 2 of its levels.

You collected 49 gold pieces.
You spent 39 gold pieces at shops.

Inventory:

Hand Weapons
 a - a +0 falchion (weapon)
Armour
 b - a +0 animal skin
 d - a +0 ring mail (worn)
Scrolls
 e - a scroll of enchant weapon {unknown}
 g - a scroll of noise {unknown}
Potions
 c - a potion of heal wounds {unknown}
 f - a potion of curing
 h - a potion of attraction {unknown}
 i - a potion of haste {unknown}


   Skills:
 + Level 4.3 Fighting
 - Level 2.6 Long Blades
 - Level 1.7 Armour
 - Level 1.7 Dodging


You had 2 spell levels left.
You didn't know any spells.
Your spell library was empty.

Dungeon Overview and Level Annotations

Branches:
Dungeon (2/15)

Altars:

Shops:
D:1 !


Innate Abilities, Weirdness & Mutations

You are partially covered in thin metallic scales. (AC +2)
You regenerate magic rapidly.


Message History

Found a robe.
Found a leather armour.
An adder comes into view.
The adder hisses angrily.
An adder is nearby!
A red film seems to cover your vision as you go berserk!
You feel yourself moving faster!
You feel mighty!
You feel a strong urge to attack something.
There is an escape hatch in the ceiling here.
The adder bites you.
You slash the adder!
The adder is severely wounded.
The adder bites you but does no damage.
You miss the adder.
The adder is severely wounded.
The adder bites you but does no damage.
You slash the adder!
You kill the adder!
Trog accepts your kill.
You have reached level 3!
Your experience leads to an increase in your attributes!
Increase (S)trength, (I)ntelligence, or (D)exterity?
You feel stronger.
Your demonic ancestry asserts itself...
Your magic begins to regenerate rapidly.
You feel a strong urge to attack something.
You are no longer berserk.
You are exhausted.
You feel yourself slow down.
HP restored.
You feel yourself speed up.
There is a dry fountain here.
You recover from your berserk rage.
A gnoll comes into view. It is wielding a +0 whip.
The gnoll shouts!
The gnoll moves out of view.
A bat and 2 gnolls come into view.
The gnoll shouts! x2; You hear a shout!
There are monsters nearby!
There are monsters nearby!
Are you sure you want to abandon this character and quit the game? (Confirm with "yes".)

########
#.@....#
#.####.#
..g
#.###
#gg.
#...#
#..b
###.#
#... #.#
#... #.#
#... #.#
#.#


You could see 3 gnolls and a bat.

Vanquished Creatures
  An adder (D:2)
  2 dart slugs (D:1)
  3 ball pythons (D:1)
  An endoplasm (D:1)
  A giant cockroach (D:1)
  3 goblins (D:1)
  4 hobgoblins (D:1)
  A bat (D:1)
  A frilled lizard (D:1)
  4 kobolds (D:1)
  A rat (D:1)
22 creatures vanquished.

Notes
Turn   | Place    | Note
-------+----------+-------------------------------------------
     0 | D:1      | Rennog the Demonspawn Berserker began the quest for the
                  | Orb.
     0 | D:1      | Reached XP level 1. HP: 18/18 MP: 1/1
   156 | D:1      | Gained mutation: You are partially covered in thin metallic
                  | scales. (AC +2) [demonic ancestry]
   156 | D:1      | Reached XP level 2. HP: 15/24 MP: 2/2
   337 | D:1      | Found a faded altar of an unknown god.
   577 | D:1      | Reached skill level 4 in Fighting
   762 | D:1      | Found Xaomuis's Distillery.
   770 | D:1      | Bought a potion of curing for 39 gold pieces
  1098 | D:2      | Gained mutation: You regenerate magic rapidly. [demonic
                  | ancestry]
  1098 | D:2      | Reached XP level 3. HP: 31/31 MP: 3/3
  1147 | D:2      | Quit the game

Illustrated notes

Levels and vault maps discovered:
D:1:      evilmike_arrival_rings, layout_basic, chequers_ecumenical_altar_grove,
          serial_shops, shop_statue, minmay_pentomino_s2
D:2:      layout_basic, serial_corexii_hall, chequers_hall_statues_y,
          corexii_hall_statues_u, corexii_hall_statues_i,
          corexii_hall_statues_l, corexii_hall_statues_u,
          chequers_hall_statues_wall_a, uniq_sigmund

Skill      XL: |  1  2 |
---------------+-------+-----
Fighting       | 4 |  4.3
Long Blades    | |  2.6
Armour         | |  1.7
Dodging        | |  1.7

Action                   || total
-------------------------++-------
Melee: Falchion          ||    58
Invok: Berserk           ||     4
Armor: Animal skin       ||     9
       Ring mail         ||    12
Dodge: Dodged            ||    35
       Rpst.: Falchion   ||    12

Table legend: (Time is in decaauts)
 A = Elapsed time spent in this place.
 B = Non-inter-level travel time spent in this place.
 C = Inter-level travel time spent in this place.
 D = Time resting spent in this place.
 E = Time spent auto-exploring this place.
 F = Levels seen in this place.
 G = Mean time per level.
                   A        B        C        D        E       F      G
               +--------+--------+--------+--------+--------+-----+--------+
         Total |   1194 |   1146 |     48 |      0 |    999 |   2 |  597.0 |
       Dungeon |   1194 |   1146 |     48 |      0 |    999 |   2 |  597.0 |
               +--------+--------+--------+--------+--------+-----+--------+

Top non-repeatable levels by time:
     D:1: 1126 daAuts
     D:2: 67 daAuts
